cohdb
Replays
Latest Replays
All Replays
Popular Replays
Top Player Replays
Match Explorer
How It Works
Community
CoH3 Stats
Reddit
Sign in to upload your games and track your stats! →
Sign in with Steam
Match 44350281
Unlisted
Match 44350281
Overview
Messages
Build Orders
End
Royal Engineer Section
Construct Section Command Post
Selects Heavy Armor Battlegroup
Infantry Section
Dingo Light Scout Car
Vickers Machine Gun Team
Selects Light Vehicle Withdraw and Refit
ML 3-inch Mortar Team
Construct Platoon Command Post
6-pounder Anti-tank Gun Team
Selects Rigorous Vehicle Training
Selects Radio Net
Selects UNKNOWN (202330)
Humber Armored Car
Vickers Machine Gun Team
6-pounder Anti-tank Gun Team
Grenade Package
Infantry Section
Selects Forward Repair Assembly
Selects UNKNOWN (2162094)
Unlock M3 Stuart Light Tanks
Team Weapon Training
Construct Field Infirmary
Selects Recon Artillery
M3 Stuart Light Tank
M3 Stuart Light Tank
Infantry Section
robwarrior
shoopablaq
0
0
Comments
sign in to comment!
No comments posted yet!